AoeStats
← djcybermyth

Oasis

508999819Analyzed
3v3 RM · 7d ago on Sep 25, 2026· 64m 25s· 6 players
Game mode
Random Map
Map size
Normal (6 player)
Population
200
Speed
Normal
Resources
Standard
Victory
Conquest
Starting age
Dark Age
Ending age
Imperial Age
RankedLock teamsTeams togetherTeam positionsShared explorationLock speedFull tech treeHidden civsTurbo modeCheats
Victory
Defeat
🇺🇸 Danes · United States
752
+17
🇺🇸 Franks · United States
737
+18
🇺🇸 Burgundians · United States
702
+19
🇺🇸 Danes · United States
791
-19
🇺🇸 Burmese · United States
777
-18
🇺🇸 Varangians · United States
748
-17
martha5505
8:58 Double-Bit Axe
11:28 Horse Collar
11:44 Gold Mining
16:29 Feudal Age
14:46 Loom
17:35 Bow Saw
17:28 Heavy Plow
18:09 Gold Shaft Mining
18:22 Man-at-Arms
25:05 Scale Barding Armor
25:11 Forging
29:23 Castle Age
29:10 Scale Mail Armor
30:32 Wheelbarrow
31:27 Two-Man Saw
39:11 Husbandry
39:33 Cavalier
41:32 Crop Rotation
41:38 Elite Skirmisher
46:08 Imperial Age
43:56 Hand Cart
43:25 Crossbowman
44:57 Stone Mining
45:56 Chain Barding Armor
46:12 Iron Casting
45:30 Fletching
45:41 Padded Archer Armor
46:50 Paladin
48:44 Caravan
49:23 Plate Barding Armor
49:49 Blast Furnace
59:13 Chain Mail Armor
59:13 Leather Archer Armor
58:54 Bodkin Arrow
59:19 Burgundian Vineyards
60:23 Chemistry
59:06 Treadmill Crane
59:39 Masonry
60:30 Chemistry
jellycopter229
6:51 Loom
10:35 Feudal Age
11:28 Man-at-Arms
12:07 Arson
16:09 Double-Bit Axe
18:12 Forging
18:02 Scale Mail Armor
22:23 Fletching
28:47 Castle Age
28:21 Wheelbarrow
30:17 Gambesons
30:32 Squires
31:09 Iron Casting
33:10 Hamask
34:49 Horse Collar
36:11 Pikeman
38:31 Chain Mail Armor
38:57 Bow Saw
38:55 Heavy Plow
42:45 Hand Cart
45:06 Imperial Age
46:30 Plate Mail Armor
46:25 Halberdier
49:14 Onager
53:01 Blast Furnace
51:39 Elite Varangian Guard
59:00 Conscription
59:55 Town Watch
60:37 Thumb Ring
61:03 Scale Barding Armor
61:36 Bodkin Arrow
61:10 Cranequins
65:04 Hoardings
TheMonkNextDoor
9:43 Loom
12:28 Feudal Age
16:36 Castle Age
15:55 Double-Bit Axe
16:46 Gold Mining
23:55 Bow Saw
24:50 Ordonnance Companies
27:06 Fletching
29:20 Bodkin Arrow
32:50 Gold Shaft Mining
33:39 Forging
33:40 Caravan
34:55 Padded Archer Armor
38:21 Imperial Age
36:42 Husbandry
38:37 Iron Casting
40:50 Blast Furnace
39:52 Scale Mail Armor
40:05 Cranequins
42:28 Onager
43:15 Murder Holes
44:21 Chemistry
43:14 Pikeman
48:15 Hoardings
48:06 Conscription
48:44 Chain Mail Armor
48:13 Cavalier
48:21 Heavy Mounted Crossbowman
50:49 Leather Archer Armor
51:04 Plate Mail Armor
50:40 Scale Barding Armor
53:14 Chivalry
52:37 Paladin
54:53 Chain Barding Armor
58:30 Plate Barding Armor
Philosoraptor
0:33 Loom
12:57 Feudal Age
14:10 Man-at-Arms
20:36 Bloodlines
23:43 Castle Age
23:45 Forging
23:42 Scale Barding Armor
34:52 Imperial Age
33:07 Stone Mining
33:28 Double-Bit Axe
37:00 Stone Shaft Mining
36:16 Gold Mining
36:12 Horse Collar
36:58 Bow Saw
37:00 Squires
36:46 Gambesons
38:35 Husbandry
38:09 Cavalier
41:11 Iron Casting
41:41 Vendel Legacy
43:52 Conscription
45:46 Heavy Plow
50:36 Elite Jarl
57:13 Chain Barding Armor
57:02 Pikeman
joshua.reynolds
10:16 Loom
12:02 Feudal Age
12:32 Man-at-Arms
14:06 Double-Bit Axe
14:27 Gold Mining
15:31 Arson
30:00 Castle Age
28:53 Stone Mining
31:01 Fletching
30:36 Crossbowman
31:02 Elite Skirmisher
32:09 Bodkin Arrow
33:40 Scale Mail Armor
33:50 Gambesons
33:31 Long Swordsman
36:28 Thumb Ring
38:06 Bow Saw
38:31 Padded Archer Armor
40:59 Squires
40:20 Pikeman
57:17 Imperial Age
56:57 Ballistics
61:17 Halberdier
djcybermyth
5:28 Loom
11:08 Feudal Age
12:46 Man-at-Arms
15:45 Fletching
17:31 Horse Collar
20:36 Castle Age
30:46 Scale Barding Armor
31:23 Bloodlines
31:55 Forging
35:12 Gold Mining
35:57 Bodkin Arrow
36:54 Long Swordsman
37:35 Squires
38:40 Wheelbarrow
37:51 Town Watch
39:26 Sanctity
39:19 Fervor
39:28 Arson
46:07 Imperial Age
44:58 Chain Barding Armor
45:14 Iron Casting
45:32 Ballistics
45:10 Murder Holes
48:18 Chemistry
47:01 Two-Handed Swordsman
47:44 Scale Mail Armor
48:56 Champion
50:15 Heavy Scorpion
52:15 Conscription
51:26 Elite Arambai
55:02 Chain Mail Armor
57:39 Pikeman
59:38 Block Printing
62:36 Halberdier
64:20 Husbandry
Connection lost

Rejoining the realm…

Still unreachable

The connection could not be restored.

Session expired

The server has moved on; the page needs a fresh start.